[Event "Team 45 45 League T51"]
[Site "Internet Chess Club"]
[Date "2011.11.27"]
[Round "3"]
[White "Terte"]
[Black "Philly-Boy"]
[Result "1-0"]
[WhiteElo "1933"]
[BlackElo "1887"]
[Opening "Scandinavian defense"]
[ECO "B01"]
[Time "10:10:46"]
[TimeControl "2700+45"]

1. e4 d5 2. exd5 Nf6 3. d4 Bg4 4. f3 Bf5 5. Bb5+ c6 6. dxc6 Nxc6 7. Ne2 Qb6 8.
c4 O-O-O 9. Bxc6 Qxc6 10. Be3 e5 11. Nd2 Bb4 12. d5 Qa6 13. a3 Bxd2+ 14. Qxd2
Kb8 15. Rc1 Rhe8 16. O-O e4 17. Nd4 Bg6 18. Nb5 Nxd5 19. Bxa7+ Ka8 20. fxe4 Rxe4
21. a4 Qxa4 22. Nc7+ Kxa7 23. Ra1 Rxc4 24. Rxa4+ Rxa4 25. Nxd5 Kb8 26. Qg5 f6
27. Qg3+ Ka8 28. Nb6+ {Black resigns} 1-0

[Event "Team 45 45 League T51"]
[Site "Internet Chess Club"]
[Date "2011.11.28"]
[Round "3"]
[White "pishd"]
[Black "DarkFlow"]
[Result "1-0"]
[WhiteElo "1638"]
[BlackElo "1813"]
[Opening "Queen's pawn game"]
[ECO "A46"]
[Time "07:09:26"]
[TimeControl "2700+45"]

1. d4 Nf6 2. Nf3 e6 3. Bf4 d5 4. e3 Bb4+ 5. c3 Bd6 6. Ne5 O-O 7. Nd2 Nbd7 8. Bd3
h6 9. g4 Bxe5 10. dxe5 Nh7 11. h4 Nc5 12. Bc2 f6 13. g5 fxe5 14. Bxe5 Qe8 15.
gxh6 Qf7 16. f4 g5 17. hxg5 {Black resigns} 1-0

[Event "Team 45 45 League T51"]
[Site "Internet Chess Club"]
[Date "2011.11.27"]
[Round "3"]
[White "acejackace"]
[Black "timothysmall56"]
[Result "0-1"]
[WhiteElo "1675"]
[BlackElo "1562"]
[Opening "Réti opening"]
[ECO "A05"]
[Time "15:30:49"]
[TimeControl "2700+45"]

1. Nf3 Nf6 2. g3 b6 3. Bg2 Bb7 4. d3 d6 5. O-O e5 6. e4 Be7 7. Nc3 O-O 8. Ne2 c5
9. Ne1 Ne8 10. f4 f6 11. f5 Nc7 12. g4 d5 13. Ng3 dxe4 14. Nxe4 Qd4+ 15. Kh1 Nc6
16. Nf3 Qd7 17. h4 Nd4 18. Nxd4 Bxe4 19. Bxe4 cxd4 20. Bxa8 Rxa8 21. Qf3 Qd5 22.
Bd2 Qxf3+ 23. Rxf3 Nd5 24. c3 dxc3 25. bxc3 Rc8 26. Rc1 Ba3 27. Rb1 Nxc3 28. Rb3
e4 29. dxe4 Nxe4 30. Rxa3 Nxd2 31. Rfc3 Rxc3 32. Rxc3 Ne4 33. Kg2 Nxc3 {White
resigns} 0-1

[Event "Team 45 45 League T51"]
[Site "Internet Chess Club"]
[Date "2011.11.30"]
[Round "3"]
[White "Dracoac"]
[Black "mongmong"]
[Result "1-0"]
[WhiteElo "1709"]
[BlackElo "1592"]
[Opening "English: Neo-Catalan accepted"]
[ECO "A13"]
[Time "18:04:48"]
[TimeControl "2700+45"]

1. Nf3 e6 2. c4 Nf6 3. g3 d5 4. Bg2 dxc4 5. O-O Nbd7 6. Nc3 a6 7. Qa4 Be7 8.
Qxc4 O-O 9. d4 Nb6 10. Qd3 Nbd5 11. e4 Nxc3 12. bxc3 b6 13. Rd1 Bb7 14. Ne5 c5
15. Be3 cxd4 16. cxd4 Nd7 17. Nc4 b5 18. Nb2 Rc8 19. Rac1 Rxc1 20. Rxc1 Qb8 21.
Bf4 Bd6 22. Bxd6 Qxd6 23. e5 Qb8 24. Be4 h6 25. Qf3 Bxe4 26. Qxe4 Nb6 27. Nd3
Nd5 28. Nf4 Nxf4 29. Qxf4 Rc8 30. Rxc8+ Qxc8 31. Qe4 g6 32. d5 exd5 33. Qxd5 Qe6
34. Qxe6 fxe6 35. Kf1 Kf7 36. Ke2 Ke7 37. Kd3 Kd7 38. Kd4 Kc6 39. f4 a5 40. a3
b4 41. axb4 axb4 42. Kc4 b3 43. Kxb3 Kd5 44. Kb4 Ke4 45. Kc5 g5 46. Kd6 gxf4 47.
gxf4 Kxf4 48. Kxe6 {Black resigns} 1-0

[Event "Team 45 45 League T51"]
[Site "Internet Chess Club"]
[Date "2011.11.25"]
[Round "3"]
[White "CamLeslie"]
[Black "eurander"]
[Result "0-1"]
[WhiteElo "1850"]
[BlackElo "2186"]
[Opening "QGD semi-Slav"]
[ECO "D43"]
[Time "15:00:54"]
[TimeControl "2700+45"]

1. d4 d5 2. c4 c6 3. Nc3 Nf6 4. Nf3 e6 5. Bg5 h6 6. Bh4 dxc4 7. e4 g5 8. Bg3 b5
9. Be2 Bb7 10. h4 g4 11. Ne5 h5 12. O-O Nbd7 13. Qc2 Bg7 14. Rfd1 a6 15. d5 cxd5
16. exd5 Nxd5 17. Ng6 Rh6 18. Nxd5 Bxd5 19. Nf4 Nb6 20. a4 bxa4 21. Ra3 Qf6
{White resigns} 0-1

[Event "Team 45 45 League T51"]
[Site "Internet Chess Club"]
[Date "2011.11.25"]
[Round "3"]
[White "kidviper"]
[Black "az2112"]
[Result "0-1"]
[WhiteElo "1965"]
[BlackElo "1749"]
[Opening "Sicilian: Sozin with ...a6 and ...b5"]
[ECO "B87"]
[Time "11:52:48"]
[TimeControl "2700+45"]

1. e4 c5 2. Nf3 d6 3. d4 cxd4 4. Nxd4 Nf6 5. Nc3 a6 6. Bc4 e6 7. Bb3 b5 8. Qe2
Be7 9. f3 Qc7 10. Be3 Nc6 11. O-O-O Na5 12. g4 Nxb3+ 13. axb3 O-O 14. g5 Nd7 15.
h4 b4 16. Na4 Nc5 17. Kb1 Bd7 18. h5 Nxa4 19. bxa4 Bxa4 20. g6 Bf6 21. Qh2 Rfc8
22. b3 Bxb3 23. Nxb3 Qc3 24. Bd4 Bxd4 25. gxf7+ Kxf7 26. Nxd4 b3 27. Nxb3 Rab8
28. Qd2 Qc4 29. Rh2 Rxb3+ 30. cxb3 Qxb3+ 31. Ka1 Rc4 32. Qf4+ Kg8 33. Qd2 Ra4+
34. Qa2 Qxd1+ 35. Kb2 Rxa2+ 36. Kxa2 Qxf3 37. Rb2 Qxe4 38. h6 Qc4+ 39. Ka1 Qc3
40. hxg7 Qxb2+ 41. Kxb2 Kxg7 42. Kc2 Kf6 43. Kd3 Kf5 44. Ke3 a5 45. Kd3 a4 46.
Kc3 h5 47. Kb4 h4 48. Kxa4 h3 49. Kb5 h2 50. Kc6 h1=Q+ 51. Kd7 Ke5 52. Ke7 Qh7+
53. Kd8 d5 54. Ke8 {White resigns} 0-1

[Event "Team 45 45 League T51"]
[Site "Internet Chess Club"]
[Date "2011.11.27"]
[Round "3"]
[White "clarinetref"]
[Black "Warpdrive"]
[Result "1/2-1/2"]
[WhiteElo "1630"]
[BlackElo "1608"]
[Opening "Nimzovich-Larsen attack: Indian variation"]
[ECO "A01"]
[Time "20:07:42"]
[TimeControl "2700+45"]

1. b3 Nf6 2. Bb2 g6 3. Nf3 Bg7 4. g3 O-O 5. Bg2 c6 6. d4 d5 7. Nbd2 Nbd7 8. O-O
a5 9. c4 e6 10. Qc2 Re8 11. h3 Rb8 12. Ba3 Bf8 13. Bxf8 Kxf8 14. e4 e5 15. Rad1
exd4 16. Nxd4 Qb6 17. Ne2 Nxe4 18. Nxe4 dxe4 19. Bxe4 Nc5 20. Bg2 Kg8 21. Kh2
Bf5 22. Qd2 Rbd8 23. Qg5 Ne6 24. Qf6 Bd3 25. Bf3 Bxe2 26. Rxd8 Qxd8 27. Qxd8
Nxd8 28. Re1 Kf8 29. Rxe2 Rxe2 30. Bxe2 c5 31. f4 Ne6 32. Bf3 b6 33. Kg2 Nd4 34.
Kf2 f5 35. Bd5 Ke7 36. g4 fxg4 37. hxg4 h6 38. Be4 Kf6 39. Ke3 Kg7 {Game drawn
by mutual agreement} 1/2-1/2

[Event "Team 45 45 League T51"]
[Site "Internet Chess Club"]
[Date "2011.11.28"]
[Round "3"]
[White "kidcobra"]
[Black "Andressa"]
[Result "1-0"]
[WhiteElo "1604"]
[BlackElo "1431"]
[Opening "two knights defense: Fegatello attack"]
[ECO "C57"]
[Time "07:08:28"]
[TimeControl "2700+45"]

1. e4 e5 2. Nf3 Nc6 3. Bc4 Nf6 4. Ng5 d5 5. exd5 Nxd5 6. Nxf7 Kxf7 7. Qf3+ Qf6
8. Bxd5+ Ke8 9. Bxc6+ Qxc6 10. Qxc6+ bxc6 11. O-O Bf5 12. d3 Bd6 13. Re1 Kd7 14.
Nc3 Rhe8 15. Ne4 Bxe4 16. dxe4 Re6 17. Be3 Rb8 18. Rab1 a6 19. Red1 Rb4 20. f3
Ke7 21. c3 Rb8 22. c4 c5 23. Rd3 Rb4 24. b3 c6 25. Bg5+ Kd7 26. Be3 Rb8 27. Bxc5
Ke7 28. Bxd6+ Rxd6 29. Rxd6 Kxd6 30. Kf2 Ke6 31. Ke2 Rd8 32. Rd1 Rf8 33. Ke3 Rf6
34. c5 Ke7 35. Rd2 g5 36. Rd6 Rxd6 37. cxd6+ Kxd6 38. Kd3 Kc5 39. Kc3 a5 40. a3
h6 41. b4+ axb4+ 42. axb4+ Kb5 43. Kb3 c5 44. bxc5 Kxc5 45. Kc3 h5 46. g3 g4 47.
Kd3 gxf3 48. Ke3 Kc4 49. Kxf3 Kd4 50. h3 Kd3 51. g4 hxg4+ 52. hxg4 {Black
resigns} 1-0

[Event "Team 45 45 League T51"]
[Site "Internet Chess Club"]
[Date "2011.11.26"]
[Round "3"]
[White "fledermaus"]
[Black "imawesome"]
[Result "0-1"]
[WhiteElo "1964"]
[BlackElo "1858"]
[Opening "Nimzo-Indian: classical, Milner-Barry (Zurich) variation"]
[ECO "E33"]
[Time "11:16:06"]
[TimeControl "2700+45"]

1. d4 Nf6 2. c4 e6 3. Nc3 Bb4 4. Qc2 Nc6 5. Nf3 d6 6. a3 Bxc3+ 7. Qxc3 Qe7 8. b4
e5 9. dxe5 Nxe5 10. Nxe5 Qxe5 11. Qxe5+ dxe5 12. Bb2 Nd7 13. e3 O-O 14. c5 Re8
15. Bb5 c6 16. Bc4 b6 17. cxb6 Nxb6 18. Bb3 Be6 19. Bxe6 Rxe6 20. O-O-O Kf8 21.
Rd2 a5 22. Kc2 axb4 23. axb4 Nc4 24. Rd7 Rf6 25. Bc3 Rxf2+ 26. Kb3 Nxe3 27. Bxe5
f6 28. Bd6+ Kg8 29. Bc5 Rfa2 30. b5 cxb5 31. Re1 Nc4 32. Ree7 Rxg2 33. Kb4 Ne5
34. Rb7 Nc6+ {White resigns} 0-1

[Event "Team 45 45 League T51"]
[Site "Internet Chess Club"]
[Date "2011.11.27"]
[Round "3"]
[White "ryan2chess"]
[Black "gerailen0075"]
[Result "0-1"]
[WhiteElo "1926"]
[BlackElo "1872"]
[Opening "Sicilian: Taimanov variation"]
[ECO "B49"]
[Time "09:00:22"]
[TimeControl "2700+45"]

1. e4 c5 2. Nf3 e6 3. d4 cxd4 4. Nxd4 Nc6 5. Be3 Qc7 6. Nc3 a6 7. Be2 Nf6 8. O-O
b5 9. Nxc6 dxc6 10. f3 Bd6 11. f4 e5 12. g3 Bh3 13. Rf3 Ng4 14. Qd2 O-O-O 15.
Bf1 Bxf1 16. Raxf1 Bc5 17. Qe2 Nxe3 18. Rxe3 Qb6 19. Rf3 exf4 20. gxf4 Rd7 21.
e5 Rhd8 22. Ne4 Bxe3+ 23. Rxe3 Rd1+ 24. Kf2 R8d4 25. Nd6+ Kb8 26. Kf3 R4d2 27.
Rb3 Rxe2 28. Kxe2 Qg1 29. Nxf7 Qf1+ 30. Ke3 Re1+ 31. Kd4 Qc4# {White checkmated}
0-1

[Event "Team 45 45 League T51"]
[Site "Internet Chess Club"]
[Date "2011.11.24"]
[Round "3"]
[White "anna"]
[Black "RizwanGill"]
[Result "1-0"]
[WhiteElo "1684"]
[BlackElo "1613"]
[Opening "Sicilian: Alapin's variation (2.c3)"]
[ECO "B22"]
[Time "13:23:40"]
[TimeControl "2700+45"]

1. e4 c5 2. c3 Nf6 3. e5 Nd5 4. d4 cxd4 5. Qxd4 e6 6. Nf3 Nc6 7. Qe4 d6 8. exd6
Bxd6 9. Bd3 Nf6 10. Qh4 Bxh2 11. Qxh2 Qxd3 12. Nbd2 Ne4 13. Nxe4 Qxe4+ 14. Be3
Qc2 15. O-O Qxb2 16. Qd6 Qxc3 17. Rfd1 Qf6 18. Bg5 Qg6 19. Qd8+ Nxd8 20. Rxd8#
{Black checkmated} 1-0

[Event "Team 45 45 League T51"]
[Site "Internet Chess Club"]
[Date "2011.11.27"]
[Round "3"]
[White "Nakke"]
[Black "charles-allen"]
[Result "1/2-1/2"]
[WhiteElo "1890"]
[BlackElo "1895"]
[Opening "Queen's bishop game"]
[ECO "D02"]
[Time "08:01:11"]
[TimeControl "2700+45"]

1. d4 d5 2. Nf3 Nf6 3. Bf4 c5 4. c3 Qb6 5. Qb3 Nc6 6. e3 c4 7. Qxb6 axb6 8. Na3
Bf5 9. Be2 e6 10. Nb5 Ra5 11. Nd6+ Bxd6 12. Bxd6 Kd7 13. Ba3 Rha8 14. Nh4 Bd3
15. Bxd3 cxd3 16. Rd1 Rxa3 17. bxa3 Rxa3 18. Rxd3 Rxa2 19. O-O b5 20. Nf3 Ne4
21. Ne5+ Nxe5 22. dxe5 Rc2 23. f3 Nxc3 24. Rf2 Rc1+ 25. Rf1 Rc2 26. Rf2 Rc1+ 27.
Rf1 Rc2 {Game drawn by repetition} 1/2-1/2

[Event "Team 45 45 League T51"]
[Site "Internet Chess Club"]
[Date "2011.11.27"]
[Round "3"]
[White "gandre"]
[Black "j65536d"]
[Result "0-1"]
[WhiteElo "1725"]
[BlackElo "1786"]
[Opening "Queen's pawn: London system"]
[ECO "A45"]
[Time "12:00:35"]
[TimeControl "2700+45"]

1. d4 Nf6 2. Bf4 g6 3. e3 Bg7 4. Nf3 O-O 5. Be2 c5 6. c3 d5 7. h3 Nc6 8. O-O b6
9. Nbd2 Bb7 10. Re1 Nd7 11. Bb5 a6 12. Ba4 b5 13. Bb3 e5 14. dxe5 Ndxe5 15. Nxe5
Nxe5 16. Nf3 Nxf3+ 17. Qxf3 Qd7 18. Rad1 d4 19. Qg3 c4 20. Bc2 d3 21. Bb1 Rfe8
22. Rd2 h6 23. Bc2 g5 24. Bc7 Rac8 25. Ba5 Be5 26. Qg4 f5 27. Qh5 Qc6 28. f3 Bg3
29. Red1 Rxe3 30. Bb1 Rce8 31. Bxd3 cxd3 32. Rxd3 Re1+ 33. Rxe1 Rxe1# {White
checkmated} 0-1

[Event "Team 45 45 League T51"]
[Site "Internet Chess Club"]
[Date "2011.11.29"]
[Round "3"]
[White "BraafPaard"]
[Black "ScotchYeti"]
[Result "0-1"]
[WhiteElo "1569"]
[BlackElo "1693"]
[Opening "Old Benoni defense"]
[ECO "A46"]
[Time "13:08:56"]
[TimeControl "2700+45"]

1. d4 Nf6 2. Nf3 c5 3. d5 b5 4. Bg5 d6 5. Bxf6 exf6 6. e4 a6 7. c4 Be7 8. cxb5
O-O 9. Nc3 f5 10. Bd3 fxe4 11. Bxe4 Bf6 12. bxa6 Bxa6 13. Bd3 Qb6 14. Rb1 Re8+
15. Kf1 Qa5 16. Bxa6 Qxa6+ 17. Kg1 Bxc3 18. bxc3 Qxa2 19. Nd2 Qxd5 20. Qf3 Qxd2
{White resigns} 0-1

[Event "Team 45 45 League T51"]
[Site "Internet Chess Club"]
[Date "2011.11.28"]
[Round "3"]
[White "SaltofLife"]
[Black "Killian"]
[Result "0-1"]
[WhiteElo "1940"]
[BlackElo "2016"]
[Opening "QGD: exchange, positional line, 5...c6"]
[ECO "D35"]
[Time "14:35:25"]
[TimeControl "2700+45"]

1. d4 Nf6 2. c4 e6 3. Nc3 d5 4. cxd5 exd5 5. Bg5 c6 6. e3 Bf5 7. Qf3 Bg6 8. Bxf6
gxf6 9. Nge2 Nd7 10. g3 Nb6 11. Bh3 Bb4 12. Bf5 Nc4 13. a3 Be7 14. Rb1 O-O 15.
g4 Nd6 16. h4 Bxf5 17. gxf5 Kh8 18. Ng3 Qa5 19. O-O Nc4 20. Rfd1 Rab8 21. Rd3 b5
22. b4 Qxa3 23. e4 dxe4 24. Qxe4 Bxb4 25. Nd5 cxd5 26. Rxa3 dxe4 27. Rxa7 Bd6
28. Nxe4 Rg8+ 29. Kh1 Rg4 30. Nxf6 Rxh4+ 31. Kg1 Bh2+ 32. Kg2 Kg7 33. Ng4 Rxg4+
34. Kxh2 Rb6 35. Kh3 Rxd4 36. Rb3 Rf4 {White resigns} 0-1

[Event "Team 45 45 League T51"]
[Site "Internet Chess Club"]
[Date "2011.12.04"]
[Round "3"]
[White "ddlj81"]
[Black "ILRE"]
[Result "1-0"]
[WhiteElo "1844"]
[BlackElo "1685"]
[Opening "French: Burn variation"]
[ECO "C11"]
[Time "13:31:03"]
[TimeControl "2700+45"]

1. e4 e6 2. d4 d5 3. Nc3 Nf6 4. Bg5 dxe4 5. Nxe4 Be7 6. Bxf6 Bxf6 7. Nf3 b6 8.
c3 Be7 9. Bd3 Bb7 10. O-O Nd7 11. Re1 O-O 12. Bc2 c5 13. Qd3 g6 14. Rad1 Qc7 15.
Neg5 Bxg5 16. Nxg5 Qf4 17. Qe3 Qxe3 18. fxe3 Rac8 19. Ne4 Ba8 20. Rf1 Kg7 21.
Rf4 Bxe4 22. Bxe4 Nf6 23. Bd3 Nd5 24. Rf3 cxd4 25. exd4 Rc7 26. a3 Ne7 27. Rdf1
Nc6 28. g4 Na5 29. h4 Nc4 30. R1f2 Nd6 31. h5 gxh5 32. gxh5 Kh8 33. Rf6 Rg8+ 34.
Kf1 Rf8 35. Rh6 f5 36. Rxe6 Nc4 37. h6 b5 38. Rxf5 Rxf5+ 39. Bxf5 Kg8 40. d5 Rf7
41. Re8+ Rf8 42. Rxf8+ Kxf8 43. Bxh7 Ne3+ 44. Ke2 Nxd5 45. Be4 Nf6 46. Bc6 Kg8
47. Bxb5 Kh7 48. Kd3 Kxh6 49. Kd4 Kg7 50. c4 Kf8 51. c5 Ke7 52. Ke5 Ng4+ 53. Kd4
Kd8 54. Kd5 Kc7 55. b4 Ne3+ 56. Ke4 Nc2 57. Bd3 Nxa3 58. Kd4 Kc6 59. Kc3 Nb5+
60. Bxb5+ Kxb5 61. Kd4 Kc6 62. b5+ Kc7 63. Kd5 Kd7 64. b6 axb6 65. cxb6 Kd8 66.
Kd6 Kc8 67. Kc6 Kb8 68. b7 {Black resigns} 1-0

[Event "Team 45 45 League T51"]
[Site "Internet Chess Club"]
[Date "2011.11.26"]
[Round "3"]
[White "Gilguli"]
[Black "Theodulf"]
[Result "0-1"]
[WhiteElo "1360"]
[BlackElo "1652"]
[Opening "QGA, 4.Nc3"]
[ECO "D24"]
[Time "09:03:23"]
[TimeControl "2700+45"]

1. d4 d5 2. Nf3 Nf6 3. c4 dxc4 4. Nc3 a6 5. e3 b6 6. Bxc4 e6 7. O-O Be7 8. e4
Bb7 9. e5 Nd5 10. Nxd5 Bxd5 11. Bxd5 Qxd5 12. Bd2 Nd7 13. Rc1 c5 14. Be3 O-O 15.
dxc5 Nxc5 16. Qxd5 exd5 17. Rfd1 Rfd8 18. Nd4 Rac8 19. a3 b5 20. b4 Ne6 21. Rxc8
Rxc8 22. Nf5 Kf8 23. Nxe7 Kxe7 24. Bc5+ Nxc5 25. bxc5 Rxc5 26. f4 Ke6 27. g3 Rc2
28. h3 Rc3 29. Kf2 Rxa3 30. Rc1 Kd7 31. Rc5 Ke6 32. Rc6+ Kf5 33. Rc7 Ke4 34. h4
Ra2+ 35. Kg1 d4 36. Rxf7 d3 37. Rd7 d2 38. e6 Kf5 39. e7 Ra1+ 40. Kf2 Re1 41.
Rxd2 Rxe7 42. Rd5+ Kf6 43. Rd6+ Re6 44. Rd5 b4 45. g4 Ke7 46. f5 Rb6 47. Ke3 b3
48. Rd1 a5 49. Rb1 a4 50. Kd3 Rb4 51. Kc3 Rxg4 52. Ra1 Kf6 {White resigns} 0-1

[Event "Team 45 45 League T51"]
[Site "Internet Chess Club"]
[Date "2011.12.01"]
[Round "3"]
[White "Deckfuel"]
[Black "SlimeDog2"]
[Result "0-1"]
[WhiteElo "2002"]
[BlackElo "2103"]
[Opening "Center game: Berger variation"]
[ECO "C22"]
[Time "02:03:01"]
[TimeControl "2700+45"]

1. e4 e5 2. d4 exd4 3. Qxd4 Nc6 4. Qe3 Nf6 5. Nc3 Bb4 6. Bd2 O-O 7. Qg3 Re8 8.
f3 d5 9. O-O-O Bd6 10. Qh4 dxe4 11. Bg5 exf3 12. Nd5 Re6 13. Nxf6+ gxf6 14. Bh6
f5 15. Bg5 Qf8 16. gxf3 Be5 17. Nh3 Qb4 18. Qxb4 Nxb4 19. Rd8+ Kg7 20. Nf4 Rc6
21. Rg1 f6 22. Nh5+ Kf7 23. Bh6 Rxc2+ 24. Kd1 Ke7 25. Rgg8 Rxh2 26. Rge8+ Kf7
27. Bf8 Rh1 28. Re7+ Kg6 29. Rg7+ Kxh5 30. Rxh7+ Kg5 31. Rxh1 Nc6 32. Bh6+ Kg6
33. Rg1+ Kh7 34. Re8 b6 35. Bf8 Bb7 36. Rxa8 Bxa8 37. Bd3 Nd4 38. Rg7+ Kh8 39.
Rg6 Bxf3+ 40. Ke1 Ne6 41. Bh6 Bg4 42. Bc1 Nd4 43. Bc4 Kh7 44. Rh6+ Kg7 45. Rh1
b5 46. Bh6+ Kg6 47. Bf1 a6 48. Bc1 Bg3+ 49. Kd2 Bf4+ 50. Kd3 Bxc1 51. Kxd4 Bxb2+
52. Kc5 Ba3+ 53. Kc6 Bf3+ {White resigns} 0-1

[Event "Team 45 45 League T51"]
[Site "Internet Chess Club"]
[Date "2011.11.26"]
[Round "3"]
[White "Eyechess"]
[Black "Goli"]
[Result "1/2-1/2"]
[WhiteElo "1966"]
[BlackElo "1860"]
[Opening "Robatsch (modern) defense"]
[ECO "B06"]
[Time "13:30:17"]
[TimeControl "2700+45"]

1. e4 g6 2. d4 Bg7 3. Nf3 c5 4. d5 d6 5. Nc3 Nf6 6. h3 O-O 7. Bd3 a6 8. a4 e6 9.
O-O exd5 10. exd5 Nbd7 11. Bg5 Qc7 12. Qd2 Nb6 13. Bxf6 Bxf6 14. a5 Nd7 15. Qf4
Bg7 16. Ne4 Bxb2 17. Ra2 Be5 18. Qh4 Bg7 19. Qe7 b5 20. axb6 Qxb6 21. Nxd6 Bf6
22. Nxc8 Bxe7 23. Nxb6 Nxb6 24. c4 Bf6 25. Rb1 {Game drawn by mutual agreement}
1/2-1/2

[Event "Team 45 45 League T51"]
[Site "Internet Chess Club"]
[Date "2011.11.27"]
[Round "3"]
[White "justice02"]
[Black "puma"]
[Result "1/2-1/2"]
[WhiteElo "1773"]
[BlackElo "1592"]
[Opening "QGD Slav: exchange variation"]
[ECO "D13"]
[Time "22:00:16"]
[TimeControl "2700+45"]

1. c4 c6 2. d4 d5 3. cxd5 cxd5 4. Nf3 Nf6 5. Nc3 Nc6 6. a3 Bf5 7. e3 e6 8. Be2
h6 9. b4 a6 10. Bb2 Be7 11. Rc1 O-O 12. O-O Rc8 13. Na4 Na7 14. Nc5 Rc7 15. Nd2
Qd6 16. Qb3 Rfc8 17. h3 Ne4 18. Ndxe4 Bxe4 19. Nxe4 dxe4 20. Rc5 Qb6 21. Re5 Qd6
22. Rxe4 Rc2 23. Bd3 R2c6 24. Rg4 Bf8 25. Bb1 Nb5 26. Qd3 f5 27. Rg3 Nc3 28.
Bxc3 Rxc3 29. Qd2 Rxa3 30. Bxf5 exf5 31. Qa2+ Kh7 32. Qxa3 Qb6 33. Qb3 Bxb4 34.
Rb1 a5 35. Qf7 Qf6 36. Qxb7 Rf8 37. Rc1 Rf7 38. Rc7 Rxc7 39. Qxc7 Bd6 40. Rxg7+
Qxg7 41. Qxd6 a4 42. Qa6 Qd7 43. Qa5 Kg6 44. f4 Qe6 45. Kf2 Qb3 46. Qa6+ Kg7 47.
h4 h5 48. d5 a3 49. d6 Qc2+ 50. Kg3 a2 51. d7 Qd2 52. Qxa2 Qxe3+ 53. Kh2 Qxf4+
54. g3 Qd4 55. Qe2 Qxd7 56. Qxh5 Qd2+ 57. Kh3 Qf2 58. Qg5+ Kf7 59. Qf4 Qxf4 60.
gxf4 Kg6 61. Kg2 Kh5 62. Kg3 Kh6 63. Kf3 Kh5 64. Kg3 Kh6 65. Kf3 Kh5 66. Kg3 Kh6
67. Kh2 Kh5 68. Kh3 Kh6 69. Kg2 Kh5 70. Kg3 Kh6 71. Kf3 Kh5 72. Ke3 Kxh4 73. Kd4
Kh5 74. Kd5 Kg6 75. Ke5 Kg7 76. Kxf5 Kf7 77. Kg5 Kg7 78. f5 Kf7 79. f6 Kf8 80.
Kf5 Kf7 81. Kg5 Kf8 82. Kf5 Kf7 83. Ke5 Kf8 84. Kd6 Kf7 85. Ke5 Kf8 86. Ke6 Ke8
87. Kd6 Kf7 88. Ke5 Kf8 89. Kf5 {Game drawn by repetition} 1/2-1/2

[Event "Team 45 45 League T51"]
[Site "Internet Chess Club"]
[Date "2011.11.26"]
[Round "3"]
[White "whiskeytown"]
[Black "qs16"]
[Result "0-1"]
[WhiteElo "1454"]
[BlackElo "1712"]
[Opening "Sicilian: Canal-Sokolsky attack, 3...Bd7"]
[ECO "B52"]
[Time "11:01:24"]
[TimeControl "2700+45"]

1. e4 c5 2. Nf3 d6 3. Bb5+ Bd7 4. Bxd7+ Qxd7 5. O-O Nc6 6. c3 Nf6 7. Re1 e6 8.
d4 cxd4 9. cxd4 d5 10. e5 Ne4 11. Nbd2 Nxd2 12. Bxd2 Bb4 13. Bxb4 Nxb4 14. a3
Nc6 15. Rc1 O-O 16. Qd3 h6 17. h3 Rac8 18. b4 a6 19. Nh2 Qe7 20. Qe3 Qh4 21. Nf3
Qe7 22. Nh2 Rc7 23. Rc3 Rfc8 24. Rec1 Na7 25. Nf3 Nb5 26. Rxc7 Rxc7 27. a4 Na7
28. Rc3 Rc6 29. Rc5 Qc7 30. Qc3 Kf8 31. Ne1 b6 32. Rxc6 Qxc6 33. Qxc6 Nxc6 34.
Nc2 Ke7 35. Kf1 f6 36. f4 Kf7 37. Kf2 h5 38. Kf3 g5 39. g3 Kg6 40. g4 f5 41.
gxf5+ Kxf5 42. fxg5 Kxg5 43. Kg3 a5 44. h4+ Kf5 45. bxa5 Nxa5 46. Kf3 Nc4 47.
Ne3+ Nxe3 48. Kxe3 Kg4 49. Kf2 Kxh4 50. Kf3 Kg5 51. Kg3 Kf5 {White resigns} 0-1